UAA
PHOENIX HOTSPUR YOUTH @ MERCER ISLAND SCREAMING EAGLES
08/18/2017
 
TOP OF THE 1ST
Phoenix Hotspur Youth batting - Pitching for Mercer Island Screaming Eagles : LHP Tim Fitzgerald
Pitching: LHP Tim Fitzgerald
Batting: RHB Alejandro Ibarra 0-0: SINGLE (Line Drive, 34D)
Batting: LHB Alberto Torres 0-0: Ball
1-0: Called Strike
1-1: Ball
2-1: Foul Ball, location: 2F
2-2: Foul Ball, location: 2F
2-2: Foul Ball, location: 2F
2-2: Fly out, F5 (Line Drive, 5S)
Batting: LHB Mike Pace 0-0: Ball
1-0: Called Strike
1-1: Ball
2-1: Swinging Strike
2-2: Ball
3-2: Grounds into double play, 4-6-3 (Groundball, 4)
Top of the 1st over - 0 run(s), 1 hit(s), 0 error(s), 0 left on base; Phoenix Hotspur 0 - Mercer Island 0
BOTTOM OF THE 1ST
Mercer Island Screaming Eagles batting - Pitching for Phoenix Hotspur Youth : LHP Elroy Gardner
Pitching: LHP Elroy Gardner
Batting: LHB Ernie Zambrano 0-0: Ball
1-0: Ball
2-0: Ball
3-0: Called Strike
3-1: Base on Balls
Batting: RHB Cris López 0-0: Called Strike
0-1: Fly out, F9 (Flyball, 9LS)
Batting: RHB Paul Houston 0-0: Grounds into double play, 4-6-3 (Groundball, 4)
Bottom of the 1st over - 0 run(s), 0 hit(s), 0 error(s), 0 left on base; Phoenix Hotspur 0 - Mercer Island 0
TOP OF THE 2ND
Phoenix Hotspur Youth batting - Pitching for Mercer Island Screaming Eagles : LHP Tim Fitzgerald
Batting: RHB Paul Campbell 0-0: Called Strike
0-1: Ball
1-1: Foul Ball, location: 2F
1-2: Hit by Pitch
Batting: RHB Nick Reed 0-0: Called Strike
0-1: Called Strike
0-2: Strikes out swinging
Batting: LHB José Villarreal 0-0: SINGLE (Groundball, 4MD)
Paul Campbell to second
Batting: RHB Matías Torrella 0-0: Ball
1-0: Ball
2-0: Ball
3-0: Foul Ball, location: 2F
3-1: Foul Ball, location: 2F
3-2: Fly out, F9 (Flyball, 89M)
Batting: LHB Torquato Villani 0-0: Foul Ball, location: 2F
0-1: Swinging Strike
0-2: Fly out, F4 (Line Drive, 4)
Top of the 2nd over - 0 run(s), 1 hit(s), 0 error(s), 2 left on base; Phoenix Hotspur 0 - Mercer Island 0
BOTTOM OF THE 2ND
Mercer Island Screaming Eagles batting - Pitching for Phoenix Hotspur Youth : LHP Elroy Gardner
Batting: LHB Nelson Plasenia 0-0: Foul Ball, location: 2F
0-1: Ball
1-1: Ball
2-1: Foul Ball, location: 2F
2-2: Ball
3-2: Strikes out swinging
Batting: RHB Juan Alba 0-0: Ball
1-0: Ball
2-0: Ball
3-0: Called Strike
3-1: DOUBLE (Line Drive, 78M)
Batting: LHB Raúl Andrade 0-0: Foul Ball, location: 2F
0-1: Ball
1-1: Called Strike
1-2: Fly out, F7 (Flyball, 7M)
Batting: RHB Fernando Delgado 0-0: Ball
1-0: Ball
2-0: SINGLE (Flyball, 9LS)
Juan Alba to third
Runner from 3rd tries for Home, SAFE, no throw or cutoff
Batting: RHB Luis Jiménez 0-0: Called Strike
0-1: Ball
1-1: Called Strike
1-2: Foul Ball, location: 2F
1-2: Strikes out swinging
Bottom of the 2nd over - 1 run(s), 2 hit(s), 0 error(s), 1 left on base; Phoenix Hotspur 0 - Mercer Island 1
TOP OF THE 3RD
Phoenix Hotspur Youth batting - Pitching for Mercer Island Screaming Eagles : LHP Tim Fitzgerald
Batting: SHB Jesús González 0-0: Ball
1-0: Foul Ball, location: 2F
1-1: Foul Ball, location: 2F
1-2: Foul Ball, location: 2F
1-2: Foul Ball, location: 2F
1-2: Ball
2-2: Ball
3-2: Ground out 5-3 (Groundball, 56S)
Batting: RHB Alejandro Ibarra 0-0: Ball
1-0: Ball
2-0: Ball
3-0: Base on Balls
Batting: LHB Alberto Torres 0-0: Ball
Alejandro Ibarra is caught stealing 2nd base
1-0: Ball
2-0: Swinging Strike
2-1: Called Strike
2-2: Strikes out swinging
Top of the 3rd over - 0 run(s), 0 hit(s), 0 error(s), 0 left on base; Phoenix Hotspur 0 - Mercer Island 1
BOTTOM OF THE 3RD
Mercer Island Screaming Eagles batting - Pitching for Phoenix Hotspur Youth : LHP Elroy Gardner
Batting: RHB William Miles 0-0: Ball
1-0: Ball
2-0: Foul Ball, location: 2F
2-1: Foul Ball, location: 2F
2-2: Ball
3-2: Ground out U3 (Groundball, 3)
Batting: LHB Ernie Zambrano 0-0: Called Strike
0-1: Ball
1-1: Ball
2-1: SINGLE (Groundball, 34S)
Batting: RHB Cris López 0-0: Called Strike
0-1: Ground out 5-3 (Groundball, 56S)
Ernie Zambrano to second
Batting: RHB Paul Houston 0-0: Ball
1-0: Fly out, F8 (Flyball, 8LM)
Bottom of the 3rd over - 0 run(s), 1 hit(s), 0 error(s), 1 left on base; Phoenix Hotspur 0 - Mercer Island 1
TOP OF THE 4TH
Phoenix Hotspur Youth batting - Pitching for Mercer Island Screaming Eagles : LHP Tim Fitzgerald
Batting: LHB Mike Pace 0-0: Ball
1-0: Called Strike
1-1: Foul Ball, location: 2F
1-2: Ball
2-2: Ball
3-2: Ground out 1-3 (Groundball, 15)
Batting: RHB Paul Campbell 0-0: Called Strike
0-1: Ball
1-1: Foul Ball, location: 2F
1-2: Ground out 6-3 (Groundball, 6)
Batting: RHB Nick Reed 0-0: Foul Ball, location: 2F
0-1: Ball
1-1: Ball
2-1: Ground out 5-3 (Groundball, 5)
Top of the 4th over - 0 run(s), 0 hit(s), 0 error(s), 0 left on base; Phoenix Hotspur 0 - Mercer Island 1
BOTTOM OF THE 4TH
Mercer Island Screaming Eagles batting - Pitching for Phoenix Hotspur Youth : LHP Elroy Gardner
Batting: LHB Nelson Plasenia 0-0: Called Strike
0-1: Foul Ball, location: 2F
0-2: Strikes out swinging
Batting: RHB Juan Alba 0-0: Ball
1-0: Ball
2-0: Ball
3-0: Called Strike
3-1: Called Strike
3-2: Strikes out swinging
Batting: LHB Raúl Andrade 0-0: Ball
1-0: Ball
2-0: Ball
3-0: Called Strike
3-1: Base on Balls
Batting: RHB Fernando Delgado 0-0: Called Strike
Raúl Andrade steals 2nd base
0-1: Foul Ball, location: 2F
0-2: Foul Ball, location: 2F
0-2: Ball
1-2: DOUBLE (Line Drive, 7LM)
Raúl Andrade scores
Batting: RHB Luis Jiménez 0-0: Called Strike
0-1: Ball
1-1: Foul Ball, location: 2F
1-2: Foul Ball, location: 2F
1-2: Foul Ball, location: 2F
1-2: Fly out, F8 (Line Drive, 8LM)
Bottom of the 4th over - 1 run(s), 1 hit(s), 0 error(s), 1 left on base; Phoenix Hotspur 0 - Mercer Island 2
TOP OF THE 5TH
Phoenix Hotspur Youth batting - Pitching for Mercer Island Screaming Eagles : LHP Tim Fitzgerald
Batting: LHB José Villarreal 0-0: Ball
1-0: Ground out 5-3 (Groundball, 56)
Batting: RHB Matías Torrella 0-0: Ball
1-0: SINGLE (Line Drive, 4)
Batting: LHB Torquato Villani 0-0: Called Strike
0-1: Foul Ball, location: 2F
0-2: Grounds into double play, 4-6-3 (Groundball, 4)
Top of the 5th over - 0 run(s), 1 hit(s), 0 error(s), 0 left on base; Phoenix Hotspur 0 - Mercer Island 2
BOTTOM OF THE 5TH
Mercer Island Screaming Eagles batting - Pitching for Phoenix Hotspur Youth : LHP Elroy Gardner
Batting: RHB William Miles 0-0: Ball
1-0: SINGLE (Groundball, 5)
Batting: LHB Ernie Zambrano 0-0: Bunted foul
0-1: Sac Bunt - play at second, runner OUT! 5-6
Batting: RHB Cris López 0-0: Ball
1-0: Called Strike
1-1: SINGLE (Groundball, 4MD) (infield hit)
Ernie Zambrano to second
Batting: RHB Paul Houston 0-0: Foul Ball, location: 2F
0-1: Swinging Strike
0-2: Strikes out looking
Batting: LHB Nelson Plasenia 0-0: Called Strike
0-1: Swinging Strike
0-2: Ball
1-2: Strikes out swinging
Bottom of the 5th over - 0 run(s), 2 hit(s), 0 error(s), 2 left on base; Phoenix Hotspur 0 - Mercer Island 2
TOP OF THE 6TH
Phoenix Hotspur Youth batting - Pitching for Mercer Island Screaming Eagles : LHP Tim Fitzgerald
Batting: SHB Jesús González 0-0: Ball
1-0: Ball
2-0: Ball
3-0: Base on Balls
Batting: RHB Alejandro Ibarra 0-0: Grounds into double play, 1-6-3 (Groundball, 13S)
Batting: LHB Alberto Torres 0-0: Ball
1-0: Ball
2-0: Swinging Strike
2-1: SOLO HOME RUN (Flyball, 89XD), Distance : 414 ft
Batting: LHB Mike Pace 0-0: Ball
1-0: SINGLE (Groundball, 5D)
Batting: RHB Paul Campbell 0-0: Foul Ball, location: 2F
0-1: Swinging Strike
0-2: Ball
1-2: Strikes out swinging
Top of the 6th over - 1 run(s), 2 hit(s), 0 error(s), 1 left on base; Phoenix Hotspur 1 - Mercer Island 2
BOTTOM OF THE 6TH
Mercer Island Screaming Eagles batting - Pitching for Phoenix Hotspur Youth : LHP Elroy Gardner
Batting: RHB Juan Alba 0-0: Called Strike
0-1: Ball
1-1: SINGLE (Groundball, 3D)
Batting: LHB Raúl Andrade 0-0: Ball
1-0: Called Strike
1-1: Ball
2-1: Ball
3-1: Foul Ball, location: 2F
3-2: Foul Ball, location: 2F
3-2: SINGLE (Line Drive, 78M)
Juan Alba to second
Batting: RHB Fernando Delgado 0-0: Called Strike
0-1: Foul Ball, location: 2F
0-2: Foul Ball, location: 2F
0-2: Foul Ball, location: 2F
0-2: Ball
1-2: Fly out, F4 (Popup, 4D)
Pitching: LHP Corey Woods
Batting: RHB Luis Jiménez 0-0: Called Strike
0-1: Ball
1-1: Ball
2-1: Ball
3-1: Swinging Strike
3-2: Fly out, F8 (Line Drive, 8LM)
Batting: RHB William Miles 0-0: Called Strike
0-1: Called Strike
0-2: Ground out 5-3 (Groundball, 6)
Bottom of the 6th over - 0 run(s), 2 hit(s), 0 error(s), 2 left on base; Phoenix Hotspur 1 - Mercer Island 2
TOP OF THE 7TH
Phoenix Hotspur Youth batting - Pitching for Mercer Island Screaming Eagles : LHP Tim Fitzgerald
Batting: RHB Nick Reed 0-0: Ball
1-0: Called Strike
1-1: Swinging Strike
1-2: Ball
2-2: Strikes out looking
Batting: LHB José Villarreal 0-0: Called Strike
0-1: Ball
1-1: Foul Ball, location: 2F
1-2: Ground out 3-1 (Groundball, 34)
Batting: RHB Matías Torrella 0-0: Swinging Strike
0-1: Swinging Strike
0-2: Ball
1-2: Foul Ball, location: 2F
1-2: Strikes out swinging
Top of the 7th over - 0 run(s), 0 hit(s), 0 error(s), 0 left on base; Phoenix Hotspur 1 - Mercer Island 2
BOTTOM OF THE 7TH
Mercer Island Screaming Eagles batting - Pitching for Phoenix Hotspur Youth : LHP Corey Woods
Batting: LHB Ernie Zambrano 0-0: Ground out 3-1 (Groundball, 3L)
Batting: RHB Cris López 0-0: Foul Ball, location: 2F
0-1: Ball
1-1: SOLO HOME RUN (Flyball, 7D), Distance : 382 ft
Batting: RHB Paul Houston 0-0: Called Strike
0-1: Called Strike
0-2: Ball
1-2: Ball
2-2: SINGLE (Groundball, 34D) (infield hit)
Batting: LHB Nelson Plasenia 0-0: Ball
1-0: Called Strike
1-1: Ball
2-1: SINGLE (Groundball, 34D)
Paul Houston to second
Runner from 2nd tries for 3rd, SAFE, throw made to third
Pinch Hitting: RHB Jack Hatcher 0-0: Called Strike
0-1: Swinging Strike
0-2: Strikes out looking
Batting: LHB Raúl Andrade 0-0: SINGLE (Groundball, 34D)
Paul Houston scores
Nelson Plasenia to second
Runner from 2nd tries for 3rd, SAFE, throw made to third
Pitching: RHP Ken Hughes
Batting: RHB Fernando Delgado 0-0: Ball
1-0: Foul Ball, location: 2F
1-1: Foul Ball, location: 2F
1-2: Ball
2-2: Foul Ball, location: 2F
2-2: Fly out, F7 (Flyball, 7M)
Bottom of the 7th over - 2 run(s), 4 hit(s), 0 error(s), 2 left on base; Phoenix Hotspur 1 - Mercer Island 4
TOP OF THE 8TH
Phoenix Hotspur Youth batting - Pitching for Mercer Island Screaming Eagles : LHP Tim Fitzgerald
Now at 1B: Jack Hatcher
Batting: LHB Torquato Villani 0-0: Ball
1-0: Swinging Strike
1-1: Ball
2-1: Foul Ball, location: 2F
2-2: Strikes out swinging
Batting: SHB Jesús González 0-0: Ball
1-0: Ball
2-0: Hit by Pitch
Pitching: LHP Jim Unknown
Batting: RHB Alejandro Ibarra 0-0: Ball
1-0: Called Strike
1-1: Ball
2-1: Ball
3-1: Foul Ball, location: 2F
3-2: Foul Ball, location: 2F
3-2: Base on Balls
Jesús González to second
Batting: LHB Alberto Torres 0-0: Called Strike
0-1: Ball
1-1: Ball
2-1: Reached on error, E6 (Groundball, 6M)
Jesús González to third
Alejandro Ibarra to second
Batting: LHB Mike Pace 0-0: Ball
1-0: Ball
2-0: Foul Ball, location: 2F
2-1: Foul Ball, location: 2F
2-2: Ball
3-2: Base on Balls
Jesús González scores
Alejandro Ibarra to third
Alberto Torres to second
Batting: RHB Paul Campbell 0-0: Foul Ball, location: 2F
0-1: Swinging Strike
0-2: Strikes out swinging
Pinch Hitting: RHB Bob McNeil 0-0: Ball
1-0: Called Strike
1-1: Ball
2-1: Foul Ball, location: 2F
2-2: Foul Ball, location: 2F
2-2: Foul Ball, location: 2F
2-2: Ball
3-2: Fly out, F3 (Popup, 3SF)
Top of the 8th over - 1 run(s), 0 hit(s), 1 error(s), 3 left on base; Phoenix Hotspur 2 - Mercer Island 4
BOTTOM OF THE 8TH
Mercer Island Screaming Eagles batting - Pitching for Phoenix Hotspur Youth : RHP Ken Hughes
Now at 2B: Shao-zu Zhang
Batting: RHB Luis Jiménez 0-0: Ball
1-0: Ball
2-0: Called Strike
2-1: Ground out 6-3 (Groundball, 6M)
Batting: RHB William Miles 0-0: Swinging Strike
0-1: Fly out, F4 (Popup, 3D)
Batting: LHB Ernie Zambrano 0-0: Ball
1-0: Ground out U3 (Groundball, 3)
Bottom of the 8th over - 0 run(s), 0 hit(s), 0 error(s), 0 left on base; Phoenix Hotspur 2 - Mercer Island 4
TOP OF THE 9TH
Phoenix Hotspur Youth batting - Pitching for Mercer Island Screaming Eagles : LHP Jim Unknown
Batting: LHB José Villarreal 0-0: Ball
1-0: Called Strike
1-1: Ball
2-1: Swinging Strike
2-2: Strikes out looking
Batting: RHB Matías Torrella 0-0: Ball
1-0: Ball
2-0: Ground out 5-3 (Groundball, 5S)
Batting: LHB Torquato Villani 0-0: Ball
1-0: Fly out, F7 (Flyball, 78M)
Top of the 9th over - 0 run(s), 0 hit(s), 0 error(s), 0 left on base; Phoenix Hotspur 2 - Mercer Island 4
This league is powered by Out of the Park Baseball, the baseball management simulation game for PC, Mac and Linux
Saturday, February 27th, 2021 - OOTP Baseball 15.6 Build 34